 Dungeon Crawl Stone Soup version 0.28-a0-21-gf74fda84f9 (webtiles) character file.

Game seed: 10007299134760316568

105361 zazu2006 the Covert (level 16, -17/139 HPs)
             Began as a Naga Hedge Wizard on July 27, 2021.
             Was a High Priest of Vehumet.
             Killed from afar by Ilsuiw (36 damage)
             ... with a shard of ice
             ... on level 2 of the Shoals.
             The game lasted 02:04:50 (42620 turns).

zazu2006 the Covert (Naga Hedge Wizard)            Turns: 42620, Time: 02:04:50

Health: -17/139    AC: 25    Str: 21    XL:     16   Next: 41%
Magic:  17/31      EV:  9    Int: 18    God:    Vehumet [*****.]
Gold:   2224       SH:  6    Dex: 12    Spells: 4/38 levels left

rFire   + . .      SeeInvis +   O - +4 scimitar (flame)
rCold   + . .      Faith    .   K - +2 buckler
rNeg    + . .      Spirit   .   d - +2 ring mail {rF+}
rPois   +          Reflect  .   T - +0 helmet "Paophear" {+Blink rN+}
rElec   .          Harm     .   u - +0 cloak
rCorr   .          Rampage  .   v - +1 pair of gloves {archery}
Will    ++...                   X - +2 barding {Fly}
Stlth   +++++.....              j - amulet of magic regeneration
HPRegen 0.33/turn               e - ring of protection from cold
MPRegen 0.47/turn               s - +6 ring of strength

@: about to teleport, flying, studying Polearms, very slow
A: AC +5, large, see invisible, deformed body, poison resistance, slowness 2,
spit poison 1, naga tail 2
a: Spit Poison, Renounce Religion, Evoke Blink


You were on level 2 of the Shoals.
You worshipped Vehumet.
Vehumet was extremely pleased with you.
You visited 5 branches of the dungeon, and saw 26 of its levels.
You also visited: Ice Cave.

You collected 2507 gold pieces.
You spent 283 gold pieces at shops.

Inventory:

Hand Weapons
 O - a +4 scimitar of flaming (weapon)
Armour
 d - a +2 ring mail of fire resistance (worn)
 u - a +0 cloak (worn)
 v - a +1 pair of gloves of archery (worn)
 K - a +2 buckler (worn)
 T - the +0 helmet "Paophear" (worn) {+Blink rN+}
   (You bought it in a shop on level 12 of the Dungeon)

   rN:        It protects you from negative energy.
   +Blink:    It lets you blink.
 X - a +2 barding of flying (worn)
Jewellery
 e - a ring of protection from cold (left hand)
 j - an amulet of magic regeneration (around neck)
 s - a +6 ring of strength (right hand)
 S - a ring of protection from fire
Wands
 a - a wand of digging (22)
 c - a wand of acid (17)
 A - a wand of iceblast (31)
 H - a wand of polymorph (14)
 I - a wand of flame (39)
 W - a wand of charming (13)
Scrolls
 f - 2 scrolls of teleportation
 g - 4 scrolls of fog
 o - 2 scrolls of magic mapping
 w - 3 scrolls of fear
 x - 5 scrolls of noise
 U - 6 scrolls of identify
Potions
 h - 14 potions of curing
 k - a potion of heal wounds
 m - 5 potions of might
 n - 3 potions of lignification
 p - 4 potions of haste
 D - 2 potions of mutation
 F - 3 potions of ambrosia
 G - 2 potions of magic
 L - 4 potions of brilliance
 Z - a potion of resistance
Miscellaneous
 E - a condenser vane


   Skills:
 + Level 7.9 Fighting
 + Level 12.3 Long Blades
 * Level 9.5 Armour
 + Level 6.3 Dodging
 + Level 13.8 Stealth
 - Level 2.4 Shields
 + Level 11.5 Spellcasting
 + Level 9.8 Conjurations
 + Level 0.9 Hexes
 + Level 1.0 Summonings
 + Level 6.3 Translocations
 + Level 4.4 Fire Magic
 - Level 5.6 Air Magic
 + Level 0.4 Earth Magic
 + Level 7.5 Poison Magic
 - Level 2.7 Evocations


You had 4 spell levels left.
You knew the following spells:

 Your Spells              Type           Power      Damage    Failure   Level
a - Magic Dart            Conj           100%       1d8       1%          1
b - Mephitic Cloud        Conj/Pois/Air  38%        N/A       1%          3
c - Conjure Flame         Conj/Fire      36%        6-21      1%          3
d - Blink                 Tloc           N/A        N/A       1%          2
e - Foxfire               Conj/Fire      100%       2x1d9     1%          1
f - Dazzling Flash        Conj/Hex       58%        N/A       1%          3
g - Iskenderun's Mystic   Conj/Tloc      39%        2d9       1%          4
h - Lightning Bolt        Conj/Air       19%        1d33      3%          5
i - Stone Arrow           Conj/Erth      58%        3d10      1%          3
j - Airstrike             Air            15%        N/A       2%          4
k - Freezing Cloud        Conj/Ice/Air   14%        6-21      10%         5

Your spell library contained the following spells:

 Spells                   Type           Power      Damage    Failure   Level
 Fireball                 Conj/Fire      18%        3d9       4%          5
 Poisonous Vapours        Pois/Air       68%        N/A       1%          2
 Olgreb's Toxic Radiance  Pois           37%        N/A       1%          4
 Sticky Flame             Conj/Fire      36%        2d6       1%          4
 Sting                    Tmut/Pois      92%        1d7       2%          1
 Inner Flame              Hex/Fire       20%        N/A       2%          3
 Fulminant Prism          Conj/Hex       14%        3d9       3%          4
 Portal Projectile        Hex/Tloc       46%        N/A       7%          3
 Call Imp                 Summ           14%        N/A       11%         2
 Slow                     Hex            13%        N/A       11%         2
 Call Canine Familiar     Summ           14%        N/A       21%         3
 Cause Fear               Hex            6%         N/A       56%         4
 Animate Armour           Summ/Erth      26%        N/A       58%         4
 Leda's Liquefaction      Hex/Erth       6%         N/A       61%         4
 Iskenderun's Battlesphe  Conj           45%        2d10      1%          5
 Bolt of Magma            Conj/Fire/Erth 14%        4d8       11%         5
 Conjure Ball Lightning   Conj/Air       19%        3x3d6     17%         6
 Iron Shot                Conj/Erth      14%        9d4       41%         6
 Lee's Rapid Deconstruct  Erth           6%         3d7*      50%         5
 Spellforged Servitor     Conj/Summ      15%        N/A       89%         7
 Statue Form              Tmut/Erth      7%         N/A       100%        6
 Discord                  Hex            6%         N/A       100%        8
 Disjunction              Tloc           16%        N/A       100%        8
 Infestation              Necr           5%         N/A       100%        8
 Lehudib's Crystal Spear  Conj/Erth      14%        10d5      100%        8


Dungeon Overview and Level Annotations

Branches:
Dungeon (15/15)            Temple (1/1) D:7            Lair (6/6) D:10
 Shoals (2/4) Lair:4       Spider (0/4) Lair:4        Slime (0/5) Lair:6
    Orc (2/2) D:10            Elf (0/3) Orc:2        Vaults (0/5) D:14
 Depths (0/5) D:15          IceCv (visited)

Altars:
Ashenzari
Cheibriados
Dithmenos
Elyvilon
Fedhas
Gozag
Hepliaklqana
Kikubaaqudgha
Makhleb
Nemelex Xobeh
Okawaru
Qazlal
Ru
Sif Muna
Trog
Vehumet
Wu Jian
Xom
Yredelemnul
Zin
The Shining One
Lugonu

Shops:
D:4 *   D:12 [   D:15 (   Orc:1 ?:   Orc:2 ***!(   Shoals:1 *

Portals:
Hell: Lair:6
Abyss: D:6

Annotations:
D:6 2 transporters, Phlounder's ghost, novice DjTm
Lair:4 2 transporters, Sobieck's ghost, journeyman DECj
Lair:6 exclusion: 5 oklob plants
Shoals:2 Ilsuiw


Innate Abilities, Weirdness & Mutations

Your serpentine skin is tough. (AC +5)
You have supernaturally acute eyesight. (SInv)
Armour fits poorly on your strangely shaped body.
Your system is resistant to poisons. (rPois)
You cover ground very slowly.
You can spit poison.
You can use your snake-like lower body to constrict enemies.


Message History

The water elemental is knocked back by the mystic blast.
The mystic blast hits the plant!
The plant is lightly damaged.
The mystic blast hits the sea snake!
The sea snake is severely wounded.
The sea snake is knocked back by the mystic blast.
The sea snake collides with the water elemental!
The water nymph shouts!
Something bites Ilsuiw.
Something hits the plant!
Something engulfs the plant in water!
The sea snake closely misses you.
You riposte.
You miss the sea snake. You grab the sea snake.
The sea snake is severely wounded.
The merfolk aquamancer mumbles some strange words.
The merfolk aquamancer blinks!
Unknown command.
Unknown command.
Unknown command.
As you read the scroll of teleportation, it crumbles to dust.
You feel strangely unstable.
You constrict the sea snake.
The sea snake misses Ilsuiw.
The water elemental hits you.
Ilsuiw hits you from afar with a +2 trident of freezing!
* * * LOW HITPOINT WARNING * * *
Ilsuiw freezes you.
* * * LOW HITPOINT WARNING * * *
The sea snake closely misses you.
Something hits the plant!
Unknown command.
Unknown command.
Casting: Iskenderun's Mystic Blast (mildly dangerous; 1% risk of failure)
Confirm with . or Enter, or press ? or * to list all spells.
You blink.
You lose your grip on something.
The merfolk seems less confused.
Something hits the plant!
The merfolk throws a boomerang.
The boomerang closely misses you.
Something hits the plant.
Unknown command.
Unknown command.
The water nymph casts a spell at you. The water rises up and strikes you!
* * * LOW HITPOINT WARNING * * *
Ilsuiw casts a spell at you. The shard of ice hits you!!! You partially resist.
You die...

...##≈≈≈≈≈≈≈≈≈≈
...#.≈≈≈≈≈≈≈≈≈≈≈
≈≈≈P≈≈≈≈≈≈≈≈≈≈≈≈
P≈≈P≈≈≈≈≈≈≈≈≈≈≈≈
≈≈≈≈≈≈≈≈≈≈≈≈≈≈≈≈
≈≈≈≈≈≈≈≈≈≈≈≈≈≈≈≈
PP≈P≈≈≈≈≈≈≈≈≈≈≈≈≈
PPPPPPP@≈≈≈≈≈≈≈≈≈≈≈≈≈
PPPPPP≈≈≈≈≈≈≈≈≈≈...≈≈
P≈≈≈P≈≈≈≈≈S≈≈≈≈..≈..
≈≈≈P≈P≈t≈≈m≈≈≈≈)≈≈≈
≈≈≈≈≈≈≈≈≈≈≈E≈≈m≈.#
≈≈≈≈≈≈P≈≈≈≈≈≈≈≈≈##
≈≈≈≈PP≈≈≈m##S.m..#
≈≈≈P≈≈≈)≈.)##E...#
.#.≈≈≈.###E.#P≈..#


You could see Ilsuiw (invisible), 2 sea snakes, a merfolk aquamancer, a snapping
turtle (confused), a merfolk, 2 water elementals and a water nymph.

Vanquished Creatures
  Jorgrun (D:12)
  An orc warlord (Orc:2)
  2 very ugly things (IceCv)
  Nessos (Lair:4)
  Azrael (D:14)
  A merfolk impaler (Shoals:1)
  A merfolk avatar (Shoals:1)
  A caustic shrike simulacrum (IceCv)
  8 vault guards (D:14)
  A catoblepas (Lair:1)
  12 hydras
  4 boulder beetles
  An ogre mage (D:15)
  A centaur warrior (D:14)
  A tengu warrior (D:14)
  7 two-headed ogres
  3 death yaks (D:10)
  3 orc high priests (Orc:2)
  4 skeletal warriors
  A sixfirhy (Lair:6)
  A lindwurm (Lair:5)
  A flayed ghost (D:15)
  A wizard (Lair:6)
  An orange crystal statue (IceCv)
  A mana viper (shapeshifter) (D:14)
  6 orc knights
  A necromancer (D:15)
  11 ugly things
  5 orc sorcerers (Orc:2)
  3 cyclopes
  A tengu zombie (D:15)
  10 manticores
  3 black mambas
  3 merfolk sirens
  12 elephants
  Maurice (D:13)
  3 gargoyles
  2 orange demons (Lair:6)
  7 rime drakes
  18 cane toads
  An unseen horror (D:12)
  14 komodo dragons
  A golden dragon simulacrum (IceCv)
  2 tengu conjurers
  An anaconda simulacrum (IceCv)
  A freezing wraith (IceCv)
  2 ice devils (Lair:6)
  2 red devils (Lair:6)
  A hellwing (Lair:6)
  7 merfolk (Shoals:1)
  3 meliai (D:15)
  A polar bear (shapeshifter) (D:13)
  3 trolls
  A wind drake (Shoals:1)
  4 polar bears
  7 dream sheep
  21 blink frogs
  2 snapping turtles
  A redback (Lair:4)
  3 shadows
  A water elemental (Shoals:2)
  A wraith (D:10)
  2 vampires
  4 fire elementals (D:14)
  Sigmund (D:2)
  5 wyverns
  48 yaks
  6 basilisks
  5 vampire mosquitoes (D:12)
  Grum (D:9)
  A steam dragon (D:6)
  Menkaure (D:6)
  2 wargs
  A harpy simulacrum (IceCv)
  6 hell hounds
  18 water moccasins
  19 orc warriors
  An alligator simulacrum (IceCv)
  An ice beast (D:7)
  5 black bears
  5 ogres
  An ettin simulacrum (IceCv)
  38 wolves
  A necrophage (D:5)
  7 centaurs
  A phantom (D:7)
  Blork the orc (D:6)
  17 bullfrogs
  A gnoll sergeant (D:10)
  2 scorpions
  5 killer bees (D:11)
  2 lindwurm simulacra (IceCv)
  8 wights
  3 electric eels
  A howler monkey (D:6)
  A bullfrog zombie (D:5)
  16 orc priests
  5 centaur zombies
  2 hounds
  2 jellies
  A gnoll shaman (D:7)
  2 iguanas (D:5)
  18 orc wizards
  A hell rat (D:10)
  A howler monkey zombie (D:7)
  11 gnolls
  A howler monkey skeleton (D:5)
  6 adders
  A river rat (D:10)
  A white imp (D:6)
  An ufetubus (D:6)
  2 worms
  6 dart slugs
  79 orcs
  8 bats
  3 endoplasms
  A giant cockroach (D:4)
  16 goblins
  12 hobgoblins
  9 jackals (D:1)
  3 quokkas
  9 ball pythons
  6 frilled lizards
  16 kobolds
  5 rats
691 creatures vanquished.

Vanquished Creatures (collateral kills)
  A wight (D:7)
1 creature vanquished.

Vanquished Creatures (others)
  A freezing wraith (IceCv)
  A wraith (D:11)
  An ice beast (D:7)
  An electric eel (D:14)
  An orc wizard (Orc:2)
  3 bushes
  62 foxfires
  88 fungi
  139 plants
  6 withered plants (D:15)
303 creatures vanquished.

Grand Total: 995 creatures vanquished

Notes
Turn   | Place    | Note
-------+----------+-------------------------------------------
     0 | D:1      | zazu2006 the Naga Hedge Wizard began the quest for the Orb.
     0 | D:1      | Reached XP level 1. HP: 15/15 MP: 4/4
   293 | D:1      | Reached XP level 2. HP: 17/22 MP: 3/6
   934 | D:1      | Reached XP level 3. HP: 6/30 MP: 0/7
  1525 | D:1      | Learned a level 3 spell: Mephitic Cloud
  1529 | D:1      | Learned a level 3 spell: Conjure Flame
  1532 | D:1      | Learned a level 2 spell: Blink
  1968 | D:2      | Found a faded altar of an unknown god.
  2373 | D:2      | Reached skill level 1 in Poison Magic
  2373 | D:2      | Reached XP level 4. HP: 37/37 MP: 5/9
  2726 | D:2      | Noticed Sigmund
  2754 | D:2      | Killed Sigmund
  2755 | D:2      | Reached skill level 4 in Stealth
  2755 | D:2      | Reached XP level 5. HP: 27/43 MP: 8/11
  2755 | D:2      | Reached XP level 6. HP: 31/50 MP: 8/12
  3382 | D:3      | Found a glowing silver altar of Zin.
  3840 | D:3      | Found an iron altar of Okawaru.
  4233 | D:4      | Found a white marble altar of Elyvilon.
  4292 | D:4      | Found an opulent altar of Gozag.
  4294 | D:4      | Found Gozag's Platinum Reserve.
  5048 | D:5      | Entered Level 5 of the Dungeon
  5405 | D:5      | Found a bloodstained altar of Trog.
  5498 | D:5      | Noticed a necrophage
  5514 | D:5      | Killed a necrophage
  5515 | D:5      | Reached XP level 7. HP: 47/56 MP: 2/14
  5582 | D:5      | Reached skill level 1 in Armour
  5603 | D:5      | Reached skill level 5 in Spellcasting
  5708 | D:5      | Noticed a gargoyle
  6092 | D:6      | Noticed Menkaure
  6104 | D:6      | Killed Menkaure
  6285 | D:6      | Found a shadowy altar of Dithmenos.
  6339 | D:6      | Noticed Blork the orc
  6348 | D:6      | Noticed a steam dragon
  6444 | D:6      | Killed Blork the orc
  6445 | D:6      | Reached skill level 5 in Stealth
  6445 | D:6      | Reached XP level 8. HP: 30/63 MP: 7/16
  6453 | D:6      | Reached skill level 1 in Fighting
  6453 | D:6      | Reached skill level 1 in Air Magic
  6930 | D:6      | Found a transporter.
  6956 | D:6      | Reached skill level 5 in Conjurations
  7186 | D:6      | Found a transporter.
  7209 | D:6      | Found a one-way gate to the infinite horrors of the Abyss.
  7209 | D:6      | Noticed Phlounder's ghost (novice DjTm)
  7250 | D:6      | Noticed a thrashing horror
  7406 | D:7      | Got Girolutu's Disquisition on Conjuration and Unholy Arts
  7493 | D:7      | Reached skill level 6 in Stealth
  7521 | D:7      | Found a staircase to the Ecumenical Temple.
  7526 | Temple   | Entered the Ecumenical Temple
  7839 | Temple   | Became a worshipper of Vehumet
  7891 | D:7      | Reached skill level 1 in Fire Magic
  8109 | D:7      | Reached XP level 9. HP: 66/70 MP: 8/18
  9007 | D:7      | Reached skill level 1 in Long Blades
  9042 | D:7      | Reached * piety under Vehumet
  9042 | D:7      | Offered knowledge of Shock by Vehumet.
 10145 | D:8      | Found a broken altar of Ashenzari.
 10313 | D:8      | Noticed a cyclops
 10331 | D:8      | Killed a cyclops
 10332 | D:8      | Reached skill level 7 in Stealth
 10703 | D:8      | Found a shimmering blue altar of Sif Muna.
 10896 | D:9      | Found a blossoming altar of Fedhas.
 10896 | D:9      | Found a stormy altar of Qazlal.
 11030 | D:9      | Reached XP level 10. HP: 54/80 MP: 18/20
 11370 | D:9      | Noticed Grum
 11403 | D:9      | Killed Grum
 11915 | D:9      | Reached skill level 8 in Stealth
 12418 | D:9      | Offered knowledge of Foxfire by Vehumet.
 12425 | D:9      | Reached ** piety under Vehumet
 13539 | D:5      | Killed a gargoyle
 13908 | D:5      | Learned a level 1 spell: Foxfire
 14028 | D:10     | Entered Level 10 of the Dungeon
 14156 | D:10     | Found a staircase to the Orcish Mines.
 14181 | D:10     | Offered knowledge of Dazzling Flash by Vehumet.
 14186 | D:10     | Learned a level 3 spell: Dazzling Flash
 14719 | D:10     | Learned a level 4 spell: Iskenderun's Mystic Blast
 15106 | D:10     | Reached *** piety under Vehumet
 15107 | D:10     | Reached skill level 5 in Long Blades
 15193 | D:10     | Noticed a cane toad
 15221 | D:10     | Killed a cane toad
 15222 | D:10     | Reached skill level 1 in Shields
 15355 | D:10     | Reached XP level 11. HP: 77/90 MP: 16/22
 15375 | D:10     | Reached skill level 1 in Evocations
 15669 | D:10     | Noticed a death yak
 15922 | D:10     | Noticed a death yak
 15950 | D:10     | Noticed a death yak
 15972 | D:10     | Killed a death yak
 15973 | D:10     | Killed a death yak
 15974 | D:10     | Reached skill level 9 in Stealth
 15977 | D:10     | Killed a death yak
 16269 | D:10     | Found a staircase to the Lair.
 16639 | Orc:1    | Entered Level 1 of the Orcish Mines
 16852 | Orc:1    | Found Hyjuak's Magic Scroll Emporium.
 16870 | Orc:1    | Found Jax Rig's Book Emporium.
 17169 | Orc:2    | Entered Level 2 of the Orcish Mines
 17178 | Orc:2    | Found Agoorowa's General Store.
 17239 | Orc:2    | Noticed an orc knight
 17244 | Orc:2    | Offered knowledge of Hailstorm by Vehumet.
 17276 | Orc:2    | Killed an orc knight
 17340 | Orc:2    | Noticed an orc high priest
 17340 | Orc:2    | Noticed an orc high priest
 17353 | Orc:2    | Noticed an orc sorcerer
 17355 | Orc:2    | Noticed an orc knight
 17361 | Orc:2    | Noticed an orc knight
 17362 | Orc:2    | Noticed an orc sorcerer
 17366 | Orc:2    | Killed an orc high priest
 17367 | Orc:2    | Killed an orc sorcerer
 17387 | Orc:2    | Killed an orc knight
 17411 | Orc:2    | Killed an orc high priest
 17412 | Orc:2    | Reached skill level 5 in Poison Magic
 17423 | Orc:2    | Paralysed by an orc sorcerer for 3 turns
 17430 | Orc:2    | Killed an orc sorcerer
 17443 | Orc:2    | Killed an orc knight
 17444 | Orc:2    | Reached XP level 12. HP: 26/99 MP: 15/24
 17824 | Orc:2    | Found a staircase to the Elven Halls.
 17938 | Orc:2    | Noticed an orc warlord
 18228 | Orc:1    | Reached **** piety under Vehumet
 18326 | Orc:2    | Killed an orc warlord
 18744 | Orc:2    | Offered knowledge of Lightning Bolt by Vehumet.
 18745 | Orc:2    | Reached skill level 10 in Stealth
 18753 | Orc:2    | Learned a level 5 spell: Lightning Bolt
 19116 | Orc:2    | Found Jerum's Weapon Boutique.
 19120 | Orc:2    | Noticed an orc high priest
 19142 | Orc:2    | Killed an orc high priest
 19725 | Orc:2    | Found Rier's Assorted Antiques.
 19732 | Orc:2    | Found Qeptao's General Store.
 19734 | Orc:2    | Found Petaeseu's Distillery.
 19743 | Orc:2    | Bought a potion of degeneration for 17 gold pieces
 20073 | Lair:1   | Entered Level 1 of the Lair of Beasts
 20280 | Lair:1   | Reached skill level 5 in Armour
 20307 | Lair:1   | Reached ***** piety under Vehumet
 20315 | Lair:1   | Noticed a catoblepas
 20485 | Lair:1   | Killed a catoblepas
 20503 | D:10     | Offered knowledge of Starburst by Vehumet.
 20789 | Lair:1   | Reached skill level 5 in Fighting
 21061 | Lair:1   | Gained mutation: You can use your snake-like lower body to
                  | constrict enemies. [Naga growth]
 21061 | Lair:1   | Reached XP level 13. HP: 98/109 MP: 26/26
 21251 | Lair:1   | You fall into a shaft and drop 1 floor!
 22273 | Lair:2   | Reached skill level 10 in Spellcasting
 25283 | Lair:4   | Found a transporter.
 25350 | Lair:4   | Found a hole to the Spider Nest.
 25431 | Lair:4   | Noticed Nessos
 25818 | Lair:4   | Reached skill level 11 in Stealth
 25880 | Lair:4   | Reached skill level 5 in Translocations
 25965 | Lair:4   | Found a transporter.
 25970 | Lair:4   | Noticed Sobieck's ghost (journeyman DECj)
 26967 | Lair:5   | HP: 1/111 [elephant (13)]
 27390 | Lair:4   | Found a staircase to the Shoals.
 27451 | Lair:3   | Reached XP level 14. HP: 100/118 MP: 28/28
 28177 | D:11     | Reached skill level 5 in Dodging
 28459 | D:11     | Learned a level 3 spell: Stone Arrow
 28840 | D:12     | Found Qimaw's Antique Armour Shoppe.
 28982 | D:12     | Bought a slimy helmet for 266 gold pieces
 28982 | D:12     | Identified the +0 helmet "Paophear" {+Blink rN+} (You
                  | bought it in a shop on level 12 of the Dungeon)
 30390 | D:13     | Noticed Maurice
 30396 | D:13     | Noticed Jorgrun
 30425 | D:12     | Killed Jorgrun
 30995 | D:13     | Reached skill level 5 in Air Magic
 31255 | D:13     | Killed Maurice
 31880 | D:14     | Identified the +11 rapier "Secret Weapon" {protect, MP-9
                  | Str+4}
 31898 | D:14     | Found a gate to the Vaults.
 31923 | D:14     | Reached skill level 10 in Long Blades
 31965 | D:14     | Offered knowledge of Airstrike by Vehumet.
 31966 | D:14     | Reached skill level 12 in Stealth
 32376 | D:14     | Noticed Azrael
 33081 | D:14     | Learned a level 4 spell: Airstrike
 33119 | D:14     | Killed Azrael
 33772 | Lair:4   | Killed Nessos
 33773 | Lair:4   | Reached XP level 15. HP: 58/128 MP: 27/30
 35306 | Lair:6   | Entered Level 6 of the Lair of Beasts
 35663 | Lair:6   | Found a burning altar of Makhleb.
 35781 | Lair:6   | HP: 4/129 [red devil (12)]
 35907 | Lair:6   | Offered knowledge of Freezing Cloud by Vehumet.
 35914 | Lair:6   | Learned a level 5 spell: Freezing Cloud
 36237 | Lair:6   | Found a gateway to Hell.
 36378 | Lair:6   | Found a staircase to the Slime Pits.
 38257 | D:15     | Entered Level 15 of the Dungeon
 38272 | D:15     | Found Pafuatua's Antique Weapon Shoppe.
 38325 | D:15     | Reached skill level 13 in Stealth
 38432 | D:15     | HP: 6/129 [two-headed ogre (19)]
 38452 | D:15     | Found a frozen archway.
 38462 | IceCv    | Entered an ice cave
 38468 | IceCv    | Found a transporter.
 38501 | IceCv    | Reached XP level 16. HP: 17/138 MP: 13/31
 38509 | IceCv    | Found a transporter.
 39583 | D:15     | Found a staircase to the Depths.
 40065 | D:15     | Offered knowledge of Fireball by Vehumet.
 40918 | Shoals:1 | Entered Level 1 of the Shoals
 41657 | Shoals:1 | Found Vimeroah's CLEARANCE SALE! EVERYTHING MUST GO!.
 42593 | Shoals:2 | Noticed Ilsuiw
 42620 | Shoals:2 | Killed from afar by Ilsuiw

Illustrated notes

Levels and vault maps discovered:
D:1:      ncdulo_watergridlock, layout_basic, minmay_misc_feat_columns,
          serial_bayou_lagoon_a, minmay_vboxes
D:2:      layout_basic, hellmonk_ecumenical_altar_run_dry, uniq_sigmund
D:3:      layout_basic, overflow_temple_1_default, lemuel_tele_altar
D:4:      layout_basic, elyvilon_altar_1, nicolae_gozag_zags_fifth_avenue
D:5:      layout_layer_cave, mainiacjoe_overflow_six_doors_small
D:6:      layout_cave_pools, mainiacjoe_overflow_surrounded_room,
          gammafunk_ghost_abyssal_escape, uniq_blork_the_orc, uniq_menkaure
D:7:      corexii_shantytown, layout_rooms, minmay_temple_entry_junction_2
D:8:      layout_loops_ring, evilmike_ruin_ashenzari,
          nicolae_overflow_hidden_temple
D:9:      layout_cave_pools, grunt_temple_overflow_forces_of_nature,
          item_on_display_a, uniq_grum
D:10:     layout_layer_cave, dpeg_lair_monsters, hiddenorc2_lemuel,
          kb_lookout_dungeons_type, minivault_14, pond
D:11:     layout_cross
D:12:     layout_cave_pods, serial_shops, nicolae_diamond_shop
D:13:     layout_cave_pods, uniq_jorgrun, uniq_maurice
D:14:     layout_loops_ring, erik_vaults_2, chequers_arboretum,
          kennysheep_generic_room_4, uniq_azrael
D:15:     gammafunk_depths_entry_grave, layout_loops_cross,
          minmay_misc_feat_rugged, serial_shops, nicolae_shop_statue_plus,
          portal_ice_cave_entry_pillars_three
Temple:   kb_corrupted_temple
Lair:1:   layout_cave_shapes, grunt_forest_large_clearings
Lair:2:   layout_long_grid, infiniplex_staircase_pool
Lair:3:   layout_chaotic_city
Lair:4:   layout_regular_city, minmay_shoals_entry_hut,
          spider_nest_entry_rubble, gammafunk_ghost_arena, minivault_27,
          wad_woods_river_03, uniq_nessos
Lair:5:   layout_loops_ring, infiniplex_staircase_pool_2
Lair:6:   evil_forest, layout_misc_corridors, minmay_slime_entry_oklob_open,
          lemuel_fruit_tree, minmay_lair_oklob_chamber
Shoals:1: layout_shoals, nicolae_shoals_nautilus_by_nature,
          nicolae_shop_clearance
Shoals:2: layout_shoals, uniq_ilsuiw
Orc:1:    layout_diamond_mine, serial_shops, shop, nicolae_shop_statue_plus
Orc:2:    st_orc_elflike, layout_caves, serial_shops, shop

Skill      XL: |  1  2  3  4  5  6  7  8  9 10 11 12 13 14 15 16 |
---------------+-------------------------------------------------+-----
Dodging        | 2 3 4 5 6 |  6.3
Poison Magic   | 1 2 3 4 5 6 7 |  7.5
Conjurations   | 3 4 5 6 7 8 9 |  9.8
Stealth        | 4 5 6 7 8 9 10 11 12 13 | 13.8
Spellcasting   | 4 5 6 7 8 9 10 11 | 11.5
Armour         | 2 3 4 5 6 8 9 |  9.5
Fighting       | 1 2 3 5 6 7 |  7.9
Air Magic      | 1 2 3 4 5 |  5.6
Fire Magic     | 1 3 4 |  4.4
Long Blades    | 2 5 6 7 9 10 11 12 | 12.3
Translocations | 2 3 4 5 6 |  6.3
Shields        | 1 2 |  2.4
Evocations     | 2 |  2.7
Hexes          | |  0.9
Summonings     | |  1.0
Earth Magic    | |  0.4

Action                   |  1- 3 |  4- 6 |  7- 9 | 10-12 | 13-15 | 16-18 || total
-------------------------+-------+-------+-------+-------+-------+-------++-------
Melee: Dagger            |    23 |     5 |    60 |       |       |       ||    88
       Falchion          |       |       |   132 |    59 |       |       ||   191
       Long sword        |       |       |       |   456 |   545 |       ||  1001
       Constrict         |       |       |       |       |   206 |    38 ||   244
       Scimitar          |       |       |       |       |   467 |   229 ||   696
 Cast: Magic Dart        |    92 |   138 |   166 |   166 |    93 |     3 ||   658
       Mephitic Cloud    |       |     1 |    27 |   117 |   132 |    16 ||   293
       Blink             |       |       |    14 |    39 |    80 |    24 ||   157
       Conjure Flame     |       |       |     4 |    11 |    29 |     3 ||    47
       Foxfire           |       |       |       |    28 |     4 |       ||    32
       Iskenderun's Myst |       |       |       |    24 |    35 |     3 ||    62
       Dazzling Flash    |       |       |       |     2 |    10 |       ||    12
       Lightning Bolt    |       |       |       |     3 |     8 |       ||    11
       Stone Arrow       |       |       |       |       |    15 |     4 ||    19
       Airstrike         |       |       |       |       |     6 |     6 ||    12
       Freezing Cloud    |       |       |       |       |     1 |       ||     1
 Abil: Spit Poison       |    21 |    13 |    25 |    58 |    39 |     1 ||   157
       Evoke Blink       |       |       |       |       |       |     1 ||     1
Evoke: Wand              |       |       |     7 |    13 |    19 |     8 ||    47
  Use: Scroll            |       |       |    13 |     3 |    16 |     3 ||    35
       Potion            |       |       |       |     2 |     7 |     3 ||    12
 Stab: Confused          |       |     1 |    15 |    54 |    67 |    11 ||   148
       Sleeping          |       |       |     9 |     2 |    11 |     5 ||    27
       Distracted        |       |       |       |     1 |     1 |       ||     2
       Invisible         |       |       |       |       |     1 |     2 ||     3
Armor: Robe              |     9 |     3 |       |       |       |       ||    12
       Leather armour    |       |     8 |    82 |   123 |       |       ||   213
       Ring mail         |       |       |       |    66 |   452 |   161 ||   679
Dodge: Dodged            |    28 |    13 |   155 |   260 |   375 |    86 ||   917
Block: Buckler           |       |       |       |   100 |   298 |    65 ||   463
       Rpst.: Falchion   |       |       |    27 |    10 |       |       ||    37
       Long sword        |       |       |       |    68 |    63 |       ||   131
       Scimitar          |       |       |       |       |    41 |    14 ||    55

Table legend: (Time is in decaauts)
 A = Elapsed time spent in this place.
 B = Non-inter-level travel time spent in this place.
 C = Inter-level travel time spent in this place.
 D = Time resting spent in this place.
 E = Time spent auto-exploring this place.
 F = Levels seen in this place.
 G = Mean time per level.
                   A        B        C        D        E       F      G
               +--------+--------+--------+--------+--------+-----+--------+
         Total |  50292 |  47326 |   2966 |   7288 |  31559 |  27 | 1862.7 |
       Dungeon |  29773 |  28128 |   1645 |   3843 |  19756 |  15 | 1984.9 |
        Temple |    424 |    394 |     30 |      0 |    321 |   1 |  424.0 |
          Lair |  13954 |  12786 |   1168 |   2420 |   7993 |   6 | 2325.7 |
        Shoals |   1562 |   1508 |     54 |      3 |   1188 |   2 |  781.0 |
  Orcish Mines |   3826 |   3759 |     67 |    494 |   2300 |   2 | 1913.0 |
      Ice Cave |    751 |    751 |      0 |    527 |      0 |   1 |  751.0 |
               +--------+--------+--------+--------+--------+-----+--------+

Top non-repeatable levels by time:
    D:10: 4409 daAuts
  Lair:4: 3364 daAuts
   Orc:2: 2874 daAuts
  Lair:6: 2710 daAuts
    D:14: 2408 daAuts
     D:7: 2348 daAuts
     D:8: 2321 daAuts
  Lair:3: 2178 daAuts
  Lair:2: 2128 daAuts
     D:5: 2098 daAuts
  Lair:5: 2050 daAuts
    D:12: 2046 daAuts
     D:1: 2021 daAuts
     D:2: 1736 daAuts
    D:15: 1735 daAuts
